 Dungeon Crawl Stone Soup version 0.19.5 (webtiles) character file.

68 devil0150 the Magician (level 4, 0/27 HPs)
             Began as a High Elf Wizard on Apr 14, 2017.
             Slain by an adder (1 damage)
             ... on level 3 of the Dungeon.
             The game lasted 00:09:34 (2311 turns).

devil0150 the Magician (High Elf Wizard)            Turns: 2311, Time: 00:09:35

Health: 0/27       AC:  2    Str:  6    XL:     4   Next: 1%
Magic:  5/12       EV: 13    Int: 22    God:
Gold:   214        SH:  0    Dex: 14    Spells: 5 memorised, 2 levels left

rFire  . . .     SeeInvis .     g - +1 dagger
rCold  . . .     Gourm    .     a - +0 robe
rNeg   . . .     Faith    .     (no shield)
rPois  .         Spirit   .     b - +0 hat
rElec  .         Reflect  .     (no cloak)
rCorr  .         Harm     .     (no gloves)
MR     .....                    (no boots)
Stlth  ++........               (no amulet)
                                (no ring)
                                (no ring)

@: lethally poisoned (0 -> -3), very slightly contaminated
A: no striking features
a: no special abilities


You were on level 3 of the Dungeon.
You were not hungry.

You visited 1 branch of the dungeon, and saw 3 of its levels.

You collected 214 gold pieces.

Inventory:

Hand Weapons
 g - a +1 dagger (weapon)
Armour
 a - a +0 robe (worn)
 b - a +0 hat (worn)
Jewellery
 j - an uncursed ring of stealth {unknown}
Wands
 f - a wand of digging (0/24)
 r - a wand of confusion (35/48)
Potions
 e - a potion of degeneration
 i - a potion of lignification
 l - a potion of heal wounds
 m - a potion of curing {unknown}
 o - a potion of cure mutation {unknown}
 p - a potion of mutation {unknown}
 q - a potion of agility {unknown}
Books
 c - a book of Minor Magic

   Spells                             Type                      Level
   a - Magic Dart                     Conjuration                  1
   b - Blink                          Translocation                2
   c - Call Imp                       Summoning                    2
   d - Repel Missiles                 Charms/Air                   2
   e - Slow                           Hexes                        2
   f - Conjure Flame                  Conjuration/Fire             3
   g - Mephitic Cloud                 Conjuration/Poison/Air       3
Comestibles
 d - a bread ration
 h - 3 beef jerkies
 k - 2 meat rations


   Skills:
 + Level 2.4 Dodging
 + Level 2.4 Stealth
 + Level 5.0 Spellcasting
 + Level 1.7 Conjurations
 + Level 1.2 Summonings
 + Level 1.1 Translocations


You had 2 spell levels left.
You knew the following spells:

 Your Spells              Type           Power        Failure   Level  Hunger
a - Magic Dart            Conj           ##..         8%          1    None
b - Call Imp              Summ           ##......     10%         2    None
c - Blink                 Tloc           N/A          12%         2    None
d - Mephitic Cloud        Conj/Pois/Air  #.......     28%         3    ##.....
e - Conjure Flame         Conj/Fire      #.......     21%         3    ##.....


Dungeon Overview and Level Annotations

Branches:
Dungeon (3/15)

Altars:
Dithmenos
Okawaru

Annotations:
D:3 Grinder


Message History

Confirm with . or Enter, or press ? or * to list all spells.
Aiming: Magic Dart
Press: ? - help, Shift-Dir - straight line, f/p - adder
Aim: an adder (heavily wounded)
The magic dart hits the adder.
The adder is severely wounded.
The adder barely misses you. Grinder gestures at you.
Pain shoots through your body! The adder bites you.
* * * LOW HITPOINT WARNING * * *
You feel sick. The adder barely misses you. Grinder gestures at you.
Pain shoots through your body!
* * * LOW HITPOINT WARNING * * *
Unknown command.
Unknown command.
Casting: Magic Dart
Confirm with . or Enter, or press ? or * to list all spells.
You miscast Blink.
Nothing appears to happen.
The adder bites you.
You die...

#...... #....#
##'### #....#
#....# # #....#
#.#....# #......#
#...@S.# ##.###.###
##......5.##
........#..#######
#.#..#.............
..#.
#..##.....#########
#. #..###.#.##
#...... #.
#..#.....# #.#####
..#.......## #.#


You could see Grinder and an adder.

Vanquished Creatures
  Jessica (D:2)
  2 adders
  2 dart slugs (D:1)
  A leopard gecko (D:1)
  6 bats
  A giant cockroach (D:1)
  3 hobgoblins
  2 quokkas
  3 frilled lizards
  3 goblins
  4 kobolds
  A rat (D:1)
  A fungus (D:1)
30 creatures vanquished.

Notes
Turn   | Place    | Note
-------+----------+-------------------------------------------
     0 | D:1      | devil0150 the High Elf Wizard began the quest for the Orb.
     0 | D:1      | Reached XP level 1. HP: 11/11 MP: 6/6
   269 | D:1      | Reached skill level 4 in Spellcasting
   269 | D:1      | Reached XP level 2. HP: 17/17 MP: 1/8
   965 | D:2      | Found an iron altar of Okawaru.
  1106 | D:2      | Noticed Jessica
  1161 | D:2      | Learned a level 2 spell: Call Imp
  1164 | D:2      | Learned a level 2 spell: Blink
  1458 | D:2      | Killed Jessica
  1458 | D:2      | Reached skill level 1 in Summonings
  1458 | D:2      | Reached XP level 3. HP: 21/21 MP: 6/10
  1748 | D:2      | Learned a level 3 spell: Mephitic Cloud
  1752 | D:2      | Learned a level 3 spell: Conjure Flame
  1998 | D:3      | Found a shadowy altar of Dithmenos.
  2056 | D:3      | Reached skill level 5 in Spellcasting
  2056 | D:3      | Reached XP level 4. HP: 22/27 MP: 2/12
  2166 | D:3      | Noticed Grinder
  2310 | D:3      | HP: 1/27 [Grinder/nerve-wracking pain (5)]
  2311 | D:3      | Slain by an adder

Skill      XL: |  1  2  3 |
---------------+----------+-----
Spellcasting   | 4 5 |  5.0
Summonings     | 1 |  1.2
Dodging        | |  2.4
Stealth        | |  2.4
Conjurations   | |  1.7
Translocations | |  1.1

Action                   |  1- 3 |  4- 6 || total
-------------------------+-------+-------++-------
Melee: Unarmed           |     1 |       ||     1
       Dagger            |    34 |       ||    34
 Cast: Magic Dart        |    70 |     5 ||    75
       Call Imp          |     2 |     2 ||     4
  Use: Scroll            |     7 |       ||     7
       Potion            |       |     1 ||     1
  Eat: Chunk             |     3 |     1 ||     4
Armor: Robe              |     7 |     1 ||     8
Dodge: Dodged            |    18 |     5 ||    23
